 Dungeon Crawl Stone Soup version 0.17-a0-2122-g03d97ec (webtiles) character file.

208497 Maka the Phalangite (level 18, -5/168 HPs)
             Began as a Naga Berserker on Oct 21, 2015.
             Was the Champion of Trog.
             Slain by a merfolk impaler
             ... wielding a +4 trident of protection
              (14 damage)
             ... on level 1 of the Shoals.
             The game lasted 01:24:13 (35233 turns).

Maka the Phalangite (Naga Berserker)               Turns: 35233, Time: 01:24:13

Health: -5/168     AC: 37    Str: 22    XL:     18   Next: 79%
Magic:  0/18       EV:  4    Int: 10    God:    Trog [******]
Gold:   2620       SH:  0    Dex: 19    Spells: 0 memorised, 17 levels left

rFire  . . .     SeeInvis +     a - +9 bardiche (vamp)
rCold  . . .     Clarity  .     r - +4 plate armour of Quantum Leap {Str+2}
rNeg   . . .     SustAt   .     (no shield)
rPois  +         Gourm    +     j - +2 hat {Spirit}
rElec  .         Spirit   +     H - +1 cloak
rCorr  .         Warding  .     v - +1 pair of gloves {Dex+3}
rMut   .         Stasis   .     e - +2 naga barding
MR     ++++.                    h - amulet of the gourmand
Stlth  ..........               W - +6 ring of slaying
                                Q - +3 ring of slaying

@: regenerating, very slow, incredibly resistant to hostile enchantments,
extremely unstealthy
A: see invisible, deformed body, poison resistance, slowness 2, slow metabolism
1, spit poison 2, constrict 1, AC +6
a: Spit Poison, Berserk, Trog's Hand, Brothers in Arms, Burn Spellbooks,
Renounce Religion
}: 1/15 runes: serpentine


You were on level 1 of the Shoals.
You worshipped Trog.
Trog was exalted by your worship.
You were very full.

You visited 5 branches of the dungeon, and saw 32 of its levels.
You also visited: Ice Cave and Volcano.

You collected 3932 gold pieces.
You spent 1312 gold pieces at shops.

Inventory:

Hand Weapons
 a - a +9 vampiric bardiche (weapon)
 b - a +0 halberd of flaming
Missiles
 G - 5 javelins of penetration (quivered)
 M - 2 throwing nets
Armour
 e - a +2 naga barding (worn)
 j - a +2 hat of spirit shield (worn)
 n - a +2 pair of gloves
 r - the +4 plate armour of Quantum Leap (worn) {Str+2}
   (You bought it in a shop on level 4 of the Orcish Mines)

   It affects your strength (+2).
 v - a +1 pair of gloves of dexterity (worn)
 H - a +1 cloak (worn)
 U - a +0 fire dragon armour
Jewellery
 h - an amulet of the gourmand (around neck)
 p - an uncursed amulet of resist mutation
 q - an uncursed ring of positive energy
 F - an uncursed ring of protection from cold
 Q - a +3 ring of slaying (left hand)
 T - a +3 ring of protection
 W - a +6 ring of slaying (right hand)
 Z - an uncursed ring of protection from fire
Wands
 k - a wand of invisibility (5)
 m - a wand of fire (9)
 s - a wand of disintegration (4)
 t - a wand of cold (5)
 u - a wand of lightning (10)
 y - a wand of digging (2)
 D - a wand of cold (11)
Scrolls
 d - 11 scrolls of remove curse
 i - 8 scrolls of fog
 l - 2 scrolls of blinking
 o - 6 scrolls of identify
 z - 8 scrolls of enchant armour
 B - 6 scrolls of enchant weapon
 J - 3 scrolls of silence
 N - 4 scrolls of teleportation
 V - a scroll of summoning
Potions
 f - 4 potions of haste
 x - 5 potions of might
 A - 3 potions of berserk rage
 C - 2 potions of flight
 E - 5 potions of heal wounds
 I - 4 potions of resistance
 K - 11 potions of curing
 O - 8 potions of invisibility
 Y - a potion of cancellation
Books
 P - a book of Changes

   Spells                             Type                      Level
   a - Beastly Appendage              Transmutation                1
   b - Sticks to Snakes               Transmutation                2
   c - Spider Form                    Transmutation/Poison         3
   d - Ice Form                       Ice/Transmutation            4
   e - Blade Hands                    Transmutation                5
   Trog disapproves of the use of such an item.
 S - Sif Muna's Grimoire of Orientation
   (You found it on level 8 of the Lair of Beasts)

   Spells                             Type                      Level
   a - Shroud of Golubria             Charms/Translocation         2
   b - Gell's Gravitas                Hexes/Translocation          3
   c - Force Lance                    Conjuration/Translocation    4
   Trog disapproves of the use of such an item.
Comestibles
 c - 15 bread rations
 g - 29 fruits
 w - 13 meat rations
 X - 2 beef jerkies


   Skills:
 - Level 12.0 Fighting
 + Level 23.4 Polearms
 - Level 14.8 Armour
 - Level 2.1 Dodging


You had 17 spell levels left.
You didn't know any spells.

Dungeon Overview and Level Annotations

Branches:
Dungeon (15/15)            Temple (0/1) D:4            Lair (8/8) D:9
 Shoals (1/4) Lair:3        Snake (4/4) Lair:3        Slime (0/6) Lair:7
    Orc (4/4) D:11            Elf (0/3) Orc:4        Vaults (0/5) D:13
 Depths (0/5) D:15

Altars:
Cheibriados
Dithmenos
Elyvilon
Kikubaaqudgha
Nemelex Xobeh
Okawaru
Qazlal
Ru
Trog
Vehumet
Xom
Zin
Beogh

Shops:
D:14 %   Orc:4 (:*[[

Annotations:
Lair:7 Nessos


Innate Abilities, Weirdness & Mutations

You cannot wear boots.
Your serpentine skin is tough (AC +6).
You have supernaturally acute eyesight.
Armour fits poorly on your strangely shaped body.
Your system is resistant to poisons.
You cover ground very slowly.
You have a slow metabolism.
You can spit poison.
You can use your snake-like lower body to constrict enemies.


Message History

The merfolk hits you but does no damage.
Unknown command.
The merfolk hits you with a trident!
* * * LOW HITPOINT WARNING * * *
Things that are here:
a rapier of venom; a robe; a merfolk corpse You slice the merfolk!!
You grab the merfolk.
The merfolk is heavily wounded.
You constrict the merfolk.
The merfolk impaler hits you from afar with a trident of protection!
* * * LOW HITPOINT WARNING * * *
The merfolk impaler hits you from afar with a trident of protection.
* * * LOW HITPOINT WARNING * * *
The merfolk hits you but does no damage.
You open the merfolk like a pillowcase!!!
You feel better.
You kill the merfolk!
Trog accepts your kill.
The merfolk impaler hits you from afar with a trident of protection!
You die...

≈≈P≈≈≈≈≈≈......##...≈..
≈≈≈≈≈≈≈...........≈≈.≈≈
≈≈≈≈≈.≈....###....≈≈..≈≈
≈≈ ≈≈..≈...####>..≈....≈
.≈. ...≈....####......≈≈
.... #.S≈.....##..≈≈≈≈≈≈
.....##m......^...≈≈≈≈..
.>...%............≈≈≈≈.#
#.≈...@!.....)....≈≈≈.#
#....†).≈...≈.....≈≈...
#.........≈≈≈≈..≈≈≈?...
#..≈...#...≈≈≈≈....#....
..≈≈≈≈≈...≈≈..≈...###..≈
.≈≈≈≈≈≈≈≈≈≈≈..≈...# ##.≈
..≈≈≈≈≈≈≈≈≈≈≈≈..### ###
#.>.≈≈≈≈≈≈≈≈≈≈†.# ### #.
≈≈≈≈≈≈≈≈.###.###.


You could see a merfolk impaler and a sea snake.

Vanquished Creatures
  Norris (D:13)
  Rupert (D:12)
  Kirke (D:14)
  6 greater nagas (Snake:4)
  The ghost of ldierk the Brawler, a journeyman TrBe of Trog (Snake:2)
  Donald (Snake:1)
  Maud (Orc:4)
  An orc warlord (Orc:4)
  Snorg (Orc:1)
  The ghost of Herrn the Spry, a journeyman FeMo of Jiyva (Snake:2)
  A merfolk impaler (Shoals:1)
  2 fire dragons
  The ghost of Gargoyl the Protected, a journeyman DsAK of Lugonu (Lair:3)
  The ghost of Hanibal the Fighter, a journeyman FoFi of Cheibriados (D:11)
  Harold (Lair:2)
  An ice dragon (D:15)
  15 hydras
  19 naga warriors
  2 centaur warriors
  14 anacondas
  Erica (D:11)
  A merfolk aquamancer (Shoals:1)
  5 death yaks (Lair:5)
  A queen ant (Lair:5)
  21 naga sharpshooters
  3 tengu warriors
  6 shock serpents
  An orc high priest (Orc:4)
  5 salamander mystics
  3 unseen horrors
  3 ice statues (IceCv)
  11 naga ritualists
  Pikel (D:5)
  2 lindwurms (Lair:8)
  8 hill giants
  A wizard (D:13)
  An oklob plant (Lair:2)
  6 orc knights
  7 ugly things
  A moth of wrath (D:5)
  2 hornets (Lair:8)
  A wolf spider (Lair:8)
  8 mana vipers
  4 fauns (Shoals:1)
  2 water nymphs (Shoals:1)
  2 cyclopes (D:13)
  2 orc sorcerers
  14 salamanders
  4 guardian serpents
  A hornet (shapeshifter) (D:14)
  2 griffons
  2 manticores
  3 toenail golems (Volcano)
  A centaur zombie (D:14)
  2 sirens (Shoals:1)
  7 torpor snails
  24 spiny frogs
  28 naga magi
  An efreet (D:13)
  2 gargoyles
  43 black mambas
  2 fire drakes
  7 komodo dragons
  A tengu conjurer (D:14)
  2 giant leeches (Lair:8)
  3 merfolk
  3 trolls
  A harpy skeleton (D:14)
  A two-headed ogre (D:13)
  4 slime creatures (D:12)
  6 polar bears
  A hornet zombie (D:15)
  A snapping turtle (Shoals:1)
  10 blink frogs
  Sigmund (D:3)
  3 water elementals (Shoals:1)
  A deep elf mage (D:9)
  3 fire bats (Lair:6)
  2 wyverns
  22 humans
  Eustachio (D:5)
  2 hungry ghosts
  4 basilisks
  56 yaks
  3 hogs (D:14)
  A steam dragon (Lair:2)
  2 wargs (Orc:4)
  2 mottled dragons (D:13)
  44 nagas
  11 wolves
  14 porcupines
  11 hippogriffs
  19 water moccasins
  29 orc warriors
  20 soldier ants
  2 sky beasts
  A slave (D:5)
  5 spiders (Lair:8)
  10 ice beasts
  10 black bears
  3 eyes of draining
  6 wasps (Lair:8)
  7 centaurs
  6 ogres
  2 phantoms (D:4)
  14 crocodiles
  30 giant frogs
  4 brain worms
  A wyvern zombie (D:15)
  A big kobold (D:9)
  A gnoll sergeant (D:9)
  A wyvern skeleton (D:9)
  3 scorpions
  A scorpion (shapeshifter) (D:13)
  10 killer bees
  9 wights
  2 electric eels (Lair:7)
  4 lava snakes (Snake:4)
  A vampire bat (D:7)
  12 crimson imps
  A quasit (D:13)
  5 hounds
  28 orc priests
  2 giant frog zombies
  2 centaur skeletons
  Ijyb (D:3)
  2 jellies (D:10)
  32 orc wizards
  4 giant frog skeletons
  Natasha (D:3)
  8 iguanas
  39 worker ants
  14 sheep
  A killer bee zombie (D:9)
  19 adders
  15 gnolls
  54 river rats
  3 shadow imps
  12 white imps (Lair:4)
  An ooze (D:7)
  2 adder skeletons
  22 worms
  4 giant geckos
  202 orcs
  11 bats
  3 bat skeletons (D:7)
  2 bat zombies (D:7)
  17 goblins
  10 hobgoblins
  7 jackals
  10 kobolds
  2 ball pythons (D:3)
  6 giant cockroaches
  A giant gecko skeleton (D:5)
  7 giant newts
  3 quokkas
  A quokka skeleton (D:7)
  13 rats
  3 fungi
  7 plants
1331 creatures vanquished.

Vanquished Creatures (others)
  2 humans (D:14)
  A goblin (D:3)
  A hobgoblin (D:2)
  A quokka (D:2)
  A rat (D:3)
  A bush (Lair:8)
  43 fungi
  25 plants
75 creatures vanquished.

Grand Total: 1406 creatures vanquished

Notes
Turn   | Place    | Note
--------------------------------------------------------------
     0 | D:1      | Maka the Naga Berserker began the quest for the Orb.
     0 | D:1      | Reached XP level 1. HP: 21/21 MP: 1/1
   429 | D:1      | Reached XP level 2. HP: 28/28 MP: 2/2
   589 | D:1      | HP: 2/42 [giant gecko (3)]
   870 | D:1      | Reached skill level 4 in Polearms
   997 | D:1      | Reached ** piety under Trog
  1103 | D:1      | Reached XP level 3. HP: 34/34 MP: 3/3
  1451 | D:2      | Found a white marble altar of Elyvilon.
  1872 | D:2      | Reached XP level 4. HP: 25/42 MP: 4/4
  2094 | D:2      | Found a sparkling altar of Nemelex Xobeh.
  2202 | D:2      | Reached skill level 5 in Polearms
  2503 | D:3      | Found a snail-covered altar of Cheibriados.
  2791 | D:2      | Reached XP level 5. HP: 49/49 MP: 5/5
  2835 | D:2      | Reached *** piety under Trog
  2949 | D:3      | Found a sacrificial altar of Ru.
  2949 | D:3      | Found a glowing silver altar of Zin.
  2950 | D:3      | Found a shimmering altar of Xom.
  3052 | D:3      | Found a stormy altar of Qazlal.
  3186 | D:3      | Noticed Sigmund
  3200 | D:3      | Killed Sigmund
  3200 | D:3      | Reached skill level 6 in Polearms
  3200 | D:3      | Reached XP level 6. HP: 56/56 MP: 6/6
  3324 | D:3      | Found an iron altar of Okawaru.
  3381 | D:3      | Noticed Natasha
  3409 | D:3      | Found a radiant altar of Vehumet.
  3668 | D:3      | Noticed Ijyb
  3689 | D:3      | Killed Ijyb
  3689 | D:3      | Reached skill level 7 in Polearms
  3843 | D:3      | Reached **** piety under Trog
  3946 | D:4      | Reached XP level 7. HP: 49/62 MP: 7/7
  4082 | D:4      | Reached skill level 8 in Polearms
  4139 | D:3      | Killed Natasha
  4253 | D:4      | Found a staircase to the Ecumenical Temple.
  4272 | D:4      | Reached XP level 8. HP: 69/69 MP: 8/8
  4515 | D:5      | Entered Level 5 of the Dungeon
  4570 | D:5      | Found a shadowy altar of Dithmenos.
  4805 | D:5      | Noticed Eustachio
  4814 | D:5      | Killed Eustachio
  4814 | D:5      | Reached skill level 9 in Polearms
  4973 | D:5      | Noticed a moth of wrath
  4977 | D:5      | Found a bloodstained altar of Trog.
  5022 | D:5      | Killed a moth of wrath
  5022 | D:5      | Reached skill level 10 in Polearms
  5121 | D:5      | Reached XP level 9. HP: 75/75 MP: 9/9
  5235 | D:5      | Noticed Pikel
  5249 | D:5      | Killed Pikel
  5249 | D:5      | Reached skill level 11 in Polearms
  5808 | D:6      | Found a sparkling altar of Nemelex Xobeh.
  6288 | D:7      | Reached ***** piety under Trog
  6433 | D:6      | Reached skill level 12 in Polearms
  6715 | D:7      | Reached skill level 5 in Fighting
  6955 | D:7      | Reached XP level 10. HP: 88/88 MP: 10/10
  7154 | D:7      | Found an ancient bone altar of Kikubaaqudgha.
  8238 | D:9      | Found a staircase to the Lair.
  8266 | D:9      | Reached skill level 13 in Polearms
  8721 | D:9      | Noticed a five-headed hydra
  8737 | D:9      | Killed a five-headed hydra
  8737 | D:9      | Reached skill level 14 in Polearms
  8751 | D:9      | Reached XP level 11. HP: 46/97 MP: 11/11
  9235 | D:10     | Entered Level 10 of the Dungeon
  9235 | D:10     | Noticed a hill giant
  9239 | D:10     | Killed a hill giant
  9314 | D:10     | Reached ****** piety under Trog
  9333 | D:10     | Received a gift from Trog
 10030 | D:10     | Reached skill level 15 in Polearms
 10169 | D:11     | Noticed Erica
 10187 | D:11     | Killed Erica
 10252 | D:11     | Found a staircase to the Orcish Mines.
 10295 | D:11     | Noticed Hanibal's ghost (journeyman FoFi)
 10308 | D:11     | Killed Hanibal's ghost
 10698 | D:11     | Noticed a hill giant
 10707 | D:11     | Killed a hill giant
 10707 | D:11     | Reached skill level 16 in Polearms
 11112 | D:11     | Received a gift from Trog
 11269 | D:11     | Noticed a hill giant
 11278 | D:11     | Killed a hill giant
 11278 | D:11     | Reached skill level 5 in Armour
 11520 | D:11     | Noticed a hill giant
 11534 | D:11     | Killed a hill giant
 11810 | D:11     | Noticed a hill giant
 11819 | D:11     | Killed a hill giant
 11819 | D:11     | Reached XP level 12. HP: 86/105 MP: 12/12
 11979 | Lair:1   | Entered Level 1 of the Lair of Beasts
 13100 | Lair:2   | Noticed a six-headed hydra
 13118 | Lair:2   | Killed a six-headed hydra
 13162 | Lair:2   | Got a shimmering chain mail
 13282 | Lair:2   | Identified the cursed +1 chain mail of Nezxar {MP+9} (You found it on level 2 of the Lair of Beasts)
 13411 | Lair:2   | Noticed Harold
 13441 | Lair:2   | Killed Harold
 14139 | Lair:3   | Found a staircase to the Snake Pit.
 14153 | Lair:3   | Noticed a four-headed hydra
 14464 | Lair:3   | Found a staircase to the Shoals.
 14476 | Lair:3   | Reached skill level 10 in Armour
 14694 | Lair:2   | Gained mutation: You can use your snake-like lower body to constrict enemies. [Naga growth]
 14694 | Lair:2   | Reached XP level 13. HP: 81/114 MP: 13/13
 14855 | Lair:3   | Killed a four-headed hydra
 14877 | Lair:3   | Noticed Gargoyl's ghost (journeyman DsAK)
 14899 | Lair:3   | Killed Gargoyl's ghost
 15031 | Lair:3   | Noticed an eight-headed hydra
 15040 | Lair:3   | Killed an eight-headed hydra
 15219 | Lair:4   | Received a gift from Trog
 15281 | Lair:4   | Found a frozen archway.
 15316 | IceCv    | Entered an ice cave
 15728 | IceCv    | Reached skill level 10 in Fighting
 17094 | Lair:5   | Received a gift from Trog
 18187 | Lair:5   | Reached XP level 14. HP: 132/132 MP: 14/14
 18581 | Lair:6   | Received a gift from Trog
 18750 | Lair:6   | Found a dark tunnel.
 18774 | Volcano  | Entered a volcano
 19241 | Lair:6   | Identified a scroll of acquirement
 19514 | Lair:6   | You fall through a shaft for 2 floors!
 19514 | Lair:8   | Entered Level 8 of the Lair of Beasts
 20005 | Lair:6   | Received a gift from Trog
 21632 | Lair:7   | Found a staircase to the Slime Pits.
 21683 | Lair:7   | Got a faintly glowing cloak
 21693 | Lair:7   | Identified the +0 cloak "Ukeec" {*Confuse +Fly MP+9} (You found it on level 7 of the Lair of Beasts)
 21885 | Lair:7   | Got an ivory trident
 21888 | Lair:7   | Identified the cursed +2 trident of Qoawodgh {pierce, +Rage rPois Str+4} (You found it on level 7 of the Lair of Beasts)
 22025 | Lair:7   | Noticed Nessos
 22299 | Lair:8   | Identified Sif Muna's Grimoire of Orientation
 22318 | Lair:8   | Received a gift from Trog
 22449 | Lair:8   | Reached XP level 15. HP: 97/144 MP: 11/15
 22746 | Lair:8   | Found a runed door.
 23255 | Lair:8   | Received a gift from Trog
 23876 | Orc:1    | Entered Level 1 of the Orcish Mines
 23905 | Orc:1    | Noticed Snorg
 23913 | Orc:1    | Killed Snorg
 24319 | Orc:2    | Received a gift from Trog
 24358 | Orc:2    | Found a roughly hewn altar of Beogh.
 25021 | Orc:3    | Received a gift from Trog
 25113 | Orc:4    | Entered Level 4 of the Orcish Mines
 25126 | Orc:4    | Found Teghorph's Book Emporium.
 25171 | Orc:4    | Found Fuqa's Antique Weapon Emporium.
 25274 | Orc:4    | Found a staircase to the Elven Halls.
 25583 | Orc:4    | Found Ocrucyt's Antique Armour Emporium.
 25587 | Orc:4    | Bought a runed helmet for 175 gold pieces
 26032 | Orc:4    | Bought a slimy plate armour for 1092 gold pieces
 26062 | Orc:4    | Identified the +4 plate armour of Quantum Leap {Str+2} (You bought it in a shop on level 4 of the Orcish Mines)
 26149 | Orc:4    | Noticed Maud
 26156 | Orc:4    | Killed Maud
 26242 | Orc:4    | Found Puetiuko's Antique Armour Shop.
 26312 | Orc:4    | Found Fyol's General Store.
 26320 | Orc:4    | Bought a potion of curing for 45 gold pieces
 26554 | Orc:4    | Received a gift from Trog
 26955 | D:12     | Reached skill level 17 in Polearms
 27595 | D:13     | Noticed Rupert
 27613 | D:13     | Noticed Norris
 27655 | D:12     | Killed Rupert
 27655 | D:12     | Reached XP level 16. HP: 152/152 MP: 9/16
 27826 | D:13     | Killed Norris
 27831 | D:13     | Found a gate to the Vaults.
 28003 | D:13     | Reached skill level 18 in Polearms
 28827 | D:14     | Found Dynir's Food Emporium.
 28954 | D:14     | Received a gift from Trog
 29127 | D:14     | Noticed Kirke
 29137 | D:14     | Killed Kirke
 29292 | D:15     | Entered Level 15 of the Dungeon
 29732 | D:15     | Reached skill level 19 in Polearms
 29821 | D:15     | Found a staircase to the Depths.
 30131 | Snake:1  | Entered Level 1 of the Snake Pit
 30545 | Snake:1  | Noticed Donald
 30554 | Snake:1  | Killed Donald
 30912 | Snake:1  | Received a gift from Trog
 30925 | Snake:1  | Reached XP level 17. HP: 159/159 MP: 9/17
 31037 | Snake:1  | Reached skill level 20 in Polearms
 31134 | Snake:2  | Noticed ldierk's ghost (journeyman TrBe)
 31143 | Snake:2  | Killed ldierk's ghost
 31171 | Snake:2  | HP: 4/159 [shock serpent (10)]
 31614 | Snake:2  | Noticed Herrn's ghost (journeyman FeMo)
 31755 | Snake:2  | Killed Herrn's ghost
 32458 | Snake:3  | Received a gift from Trog
 32713 | Snake:3  | Reached skill level 21 in Polearms
 33637 | Snake:4  | Entered Level 4 of the Snake Pit
 33778 | Snake:4  | Received a gift from Trog
 33974 | Snake:4  | Reached XP level 18. HP: 168/168 MP: 18/18
 33980 | Snake:4  | Reached skill level 22 in Polearms
 34182 | Snake:4  | Received a gift from Trog
 34563 | Snake:4  | Received a gift from Trog
 34580 | Snake:4  | Reached skill level 23 in Polearms
 34707 | Snake:4  | Got a serpentine rune of Zot
 34973 | Shoals:1 | Entered Level 1 of the Shoals
 35232 | Shoals:1 | HP: 8/168 [merfolk impaler/trident of protection (13)]
 35233 | Shoals:1 | Slain by a merfolk impaler

Vault maps used:
D:1:      minmay_arrival_wavy_path
D:2:      elyvilon_altar_4, nemelex_lonely_heart_becter
D:3:      kennysheep_goblin_castle, okawaru_altar_gauntlet_db,
          cheibriados_altar_1, fiery_altar_vehumet,
          gammafunk_temple_overflow_claw, nicolae_overflow_hidden_temple,
          first_bread, uniq_natasha, uniq_sigmund
D:4:      temple_statues, serial_corexii_hall, corexii_hall_statues_l,
          corexii_hall_statues_x, corexii_hall_statues_deadend
D:5:      tgw_trog, kennysheep_mini_moat, uniq_eustachio, uniq_pikel
D:6:      nemelex_deck, minivault_24, sigmund_army
D:7:      kennysheep_vampire_church
D:9:      minmay_ornate_pinched, serial_glass, glass_columns_b, glass_columns_b
D:10:     hangedman_fish_farm
D:11:     orc_0_dummy, st_stairs_13, uniq_erica
D:12:     kennysheep_windowed_goal
D:13:     wad_arrow_thing, david_vaults_3, pond
D:14:     serial_shops, nicolae_shop_stone, uniq_kirke
D:15:     grunt_enter_depths_hoard
Lair:2:   minmay_lair_oklob_items, lemuel_fruit_fields, uniq_harold
Lair:3:   beast_lair_carwin_large_4, minmay_shoals_entry_beasts,
          dummy_snake_entry
Lair:4:   portal_ice_cave_entry_imps
Lair:6:   nicolae_volcano_entry_batcave, columned_hall_lemuel, minivault_11,
          minivault_29, serial_bayou_shore_b
Lair:7:   dpeg_slime_entry_corner, serial_bayou_shore_a, uniq_nessos
Lair:8:   hangedman_lair_tendril_chambers, wormcave
Shoals:1: nicolae_shoals_stone_sculpture_thing
Snake:1:  serial_bayou_shore_b, uniq_donald
Snake:4:  snake_pit, grunt_megastairs_3, lemuel_fruit_tree
Orc:1:    uniq_snorg
Orc:2:    basic_altar
Orc:3:    nicolae_orc_pool_cavern
Orc:4:    grunt_orc_gardens, grunt_orc_garden, grunt_orc_garden,
          grunt_orc_garden, grunt_orc_garden, serial_shops, shop, uniq_maud
IceCv:    ice_cave_statue_garden_02
Volcano:  volcano_bunker

Action                   |  1- 3 |  4- 6 |  7- 9 | 10-12 | 13-15 | 16-18 || total
-------------------------+-------+-------+-------+-------+-------+-------++-------
Melee: Spear             |   151 |    87 |       |    19 |       |       ||   257
       Halberd           |       |   109 |   262 |   813 |  1119 |       ||  2303
       Trident           |       |       |       |    13 |    62 |       ||    75
       Bardiche          |       |       |       |       |   236 |  1028 ||  1264
Invok: Berserk           |     4 |     4 |     2 |     9 |     6 |     4 ||    29
       Trog's Hand       |       |       |       |       |     4 |     6 ||    10
       Burn Spellbooks   |       |       |       |       |     1 |     2 ||     3
 Abil: Spit Poison       |     5 |    11 |    10 |    18 |     4 |       ||    48
Evoke: Wand              |       |       |     2 |     1 |     2 |     3 ||     8
  Use: Scroll            |     1 |     6 |     9 |    12 |    16 |     3 ||    47
       Potion            |       |       |       |       |     2 |     4 ||     6
 Stab: Sleeping          |     2 |       |       |       |       |       ||     2
       Distracted        |       |     1 |       |       |       |     1 ||     2
  Eat: Chunk             |     5 |    18 |    13 |    37 |    40 |    15 ||   128
       Fruit             |     3 |       |       |       |       |     8 ||    11
       Beef jerky        |       |       |       |     2 |     4 |       ||     6
       Royal jelly       |       |       |       |     2 |       |       ||     2
       Pizza             |       |       |       |       |       |     6 ||     6
